AoeStats
← Pedro

Arabia

510848285Analyzed
1v1 RM · 1d ago on Oct 2, 2026· 32m 54s· 2 players
Game mode
Random Map
Map size
Tiny (2 player)
Population
200
Speed
Normal
Resources
Standard
Victory
Conquest
Starting age
Dark Age
Ending age
Imperial Age
RankedLock teamsTeams togetherTeam positionsShared explorationLock speedFull tech treeHidden civsTurbo modeCheats
Victory
Defeat
🇺🇸 Goths · United States
2493
+9
🇧🇷 Malians · Brazil
2327
-9
T90Official
1:45 Loom
10:30 Feudal Age
11:10 Man-at-Arms
12:17 Double-Bit Axe
16:15 Fletching
20:27 Castle Age
18:48 Padded Archer Armor
18:42 Horse Collar
20:45 Wheelbarrow
21:10 Bodkin Arrow
21:32 Bow Saw
21:03 Elite Skirmisher
23:19 Leather Archer Armor
23:27 Town Watch
26:07 Gold Mining
27:38 Husbandry
28:42 Ballistics
28:45 Bloodlines
29:08 Sanctity
Pedro
6:59 Loom
9:40 Feudal Age
10:00 Man-at-Arms
14:44 Fletching
16:24 Double-Bit Axe
21:35 Castle Age
19:51 Horse Collar
20:01 Gold Mining
20:25 Scale Mail Armor
22:12 Bodkin Arrow
22:55 Scale Barding Armor
23:03 Bloodlines
23:07 Bow Saw
27:22 Husbandry
27:52 Town Watch
28:46 Wheelbarrow
27:57 Town Watch
29:36 Chain Barding Armor
30:31 Heavy Plow
33:12 Forging
Connection lost

Rejoining the realm…

Still unreachable

The connection could not be restored.

Session expired

The server has moved on; the page needs a fresh start.